 Dungeon Crawl Stone Soup version 0.15.1-1-gfacfea3 (webtiles) character file.

95 Kashira the Charmwright (level 4, 20/20 HPs)
             Began as a Felid Skald on Sept 24, 2014.
             Quit the game on Level 3 of the Dungeon.
             The game lasted 00:13:34 (4478 turns).

Kashira the Charmwright (Felid Skald)               Turns: 4478, Time: 00:13:35

HP  20/20        AC  1     Str  8      XL: 4   Next: 40%
MP  12/12        EV 19     Int 14      God:
Gold 140         SH  0     Dex 16      Spells:  4 memorised,  1 level left
Lives: 0, deaths: 1

rFire  . . .     SeeInvis +       - Unarmed
rCold  . . .     Clarity  .     (armour unavailable)
rNeg   . . .     rCorr    +     (shield unavailable)
rPois  .         rRot     .     (helmet unavailable)
rElec  .         Spirit   .     (cloak unavailable)
SustAb .         Warding  .     (gloves unavailable)
rMut   .         Stasis   .     (boots unavailable)
Gourm  .                        j - amulet of resist corrosion
MR     .....                    (no ring)
                                (no ring)

@: quick, not resistant to hostile enchantments, fairly stealthy
A: paw claws, no armour, no weapons or thrown items, fangs 3, see invisible,
carnivore 3, speed 1, shaggy fur 1, slow metabolism 1, jump 1
a: Jump Attack


You were on level 3 of the Dungeon.
You were not hungry.

You visited 1 branch of the dungeon, and saw 3 of its levels.

You collected 140 gold pieces.

Inventory:

Comestibles
 a - a royal jelly
 d - a meat ration
Scrolls
 b - 4 scrolls of identify
 e - 2 scrolls of remove curse {unknown}
 h - 2 scrolls of teleportation {unknown}
 i - 3 scrolls of fear {unknown}
Jewellery
 j - an amulet of resist corrosion (around neck)
Potions
 f - 2 potions of brilliance
 g - a potion of curing
 m - 2 potions of berserk rage {unknown}
Books
 c - a book of Battle

   Spells                             Type                      Level
   *Infusion                          Charms                       1
   *Shroud of Golubria                Charms/Translocation         2
   *Song of Slaying                   Charms                       2
   Spectral Weapon                    Hexes/Charms                 3
   *Regeneration                      Charms/Necromancy            3


   Skills:
 + Level 2.4 Fighting
 + Level 4.0 Dodging
 + Level 2.0 Stealth
 + Level 2.6 Unarmed Combat
 + Level 3.0 Spellcasting
 + Level 4.6 Charms
 + Level 0.8 Translocations


You had one spell level left.
You knew the following spells:

 Your Spells              Type           Power        Failure   Level  Hunger
a - Infusion              Chrm           ###...       3%          1    #......
b - Shroud of Golubria    Chrm/Tloc      #.........   14%         2    ##.....
c - Song of Slaying       Chrm           ###.....     6%          2    ##.....
d - Regeneration          Chrm/Necr      #.........   24%         3    ###....


Dungeon Overview and Level Annotations

Branches:
Dungeon (3/15)

Altars:
Dithmenos
Nemelex Xobeh
Vehumet
The Shining One


Innate Abilities, Weirdness & Mutations

You cannot wear armour.
You are incapable of wielding weapons or throwing items.
Your paws have sharp claws.
You have razor-sharp teeth.
You have supernaturally acute eyesight.
You are carnivorous and can eat meat at any time.
You cover ground quickly.
You are covered in fur (AC +1).
You have a slow metabolism.
You can jump attack at a short distance.


Message History

The orc wizard is severely wounded.
The orc wizard barely misses you.
You barely miss the orc wizard. You bite the orc wizard.
The orc wizard is almost dead.
The orc wizard barely misses you.
You barely miss the orc wizard.
The orc wizard is almost dead.
The orc wizard glows brightly for a moment.
You barely miss the orc wizard.
The orc wizard is almost dead.
The orc wizard casts a spell at you. The magic dart hits you!
You die...
You are now level 4!
You rejoin the land of the living...
Unknown command.
Unknown command.
Unknown command.
Unknown command.
Are you sure you want to abandon this character and quit the game? (Confirm with "yes".)

# #.......##.......#.##.###
#............#........#.##
#.......##.##..........#.##
#.#...#.##.##.........###.#
#.......##.##[#......#.#(##
##.......#...........##.##
#.#.###.#.......#......#
#.#.###.#.......#.######
#.#..##.#...@%..#.#
#.##.##.#.......#.####
#.......#.......#....#
#.......#.......####.#
##...##.######### #.#
#...##.######## #.#
###...##>.......# #.#
#.........#####.#####.#
#.#....%..##..........#


There were no monsters in sight!

Vanquished Creatures
  An orc wizard (D:3)
  5 gnolls
  4 adders
  A giant mite (D:1)
  2 worms (D:2)
  An ooze (D:2)
  3 orcs (D:3)
  A ball python (D:2)
  12 bats
  2 giant cockroaches
  6 hobgoblins
  6 kobolds
  2 giant geckos
  7 giant newts
  6 goblins
  5 rats
64 creatures vanquished.

Notes
Turn   | Place    | Note
--------------------------------------------------------------
     0 | D:1      | Kashira, the Felid Skald, began the quest for the Orb.
     0 | D:1      | Reached XP level 1. HP: 9/9 MP: 4/4
   288 | D:1      | Reached XP level 2. HP: 13/13 MP: 2/5
   361 | D:1      | Reached skill level 4 in Charms
   484 | D:1      | Learned a level 2 spell: Shroud of Golubria
   487 | D:1      | Learned a level 2 spell: Song of Slaying
  1149 | D:2      | Reached XP level 3. HP: 11/16 MP: 0/8
  1481 | D:2      | Found a radiant altar of Vehumet.
  1559 | D:2      | Found a shadowy altar of Dithmenos.
  1864 | D:2      | Reached XP level 4. HP: 13/19 MP: 2/11
  2123 | D:3      | Reached skill level 1 in Stealth
  2210 | D:3      | Found a glowing golden altar of the Shining One.
  2552 | D:3      | Found a sparkling altar of Nemelex Xobeh.
  3773 | D:2      | Reached XP level 5. HP: 15/22 MP: 3/12
  4247 | D:3      | HP: 1/23 [orc wizard/magic dart (4)]
  4265 | D:3      | Learned a level 3 spell: Regeneration
  4477 | D:3      | Killed from afar by an orc wizard
  4478 | D:3      | Reached XP level 4. HP: 0/20 MP: 9/12
  4478 | D:3      | Quit the game

Action                   |  1- 3 |  4- 6 || total
-------------------------+-------+-------++-------
Melee: Unarmed           |    92 |   116 ||   208
 Cast: Infusion          |    19 |    19 ||    38
       Shroud of Golubri |     4 |    16 ||    20
       Song of Slaying   |       |     1 ||     1
 Abil: Jump Attack       |    11 |     7 ||    18
  Use: Scroll            |     3 |       ||     3
       Potion            |       |     1 ||     1
 Stab: Sleeping          |     2 |     2 ||     4
  Eat: Chunk             |    11 |     7 ||    18
